 Dungeon Crawl Stone Soup version 0.26-a0-1033-gd598b01645 (webtiles) character file.

Game seed: 13855355625759057254

214 tzalcoatl the Covered (level 6, -9/42 HPs)
             Began as a Halfling Abyssal Knight on Dec 10, 2020.
             Was a Believer of Lugonu.
             Killed by divine providence
             ... invoked by an orc priest
              (12 damage)
             ... on level 3 of the Dungeon.
             The game lasted 00:14:24 (2062 turns).

tzalcoatl the Covered (Halfling Abyssal Knight)     Turns: 2062, Time: 00:14:25

Health: -9/42      AC: 11    Str: 15    XL:     6   Next: 14%
Magic:  7/8        EV:  7    Int: 10    God:    Lugonu [**....]
Gold:   71         SH:  0    Dex: 14    Spells: 5/5 levels left

rFire    . . .     SeeInvis .   a - +1 falchion
rCold    . . .     Faith    +   (shield restricted)
rNeg     . . .     Spirit   .   v - +0 plate armour
rPois    .         Reflect  .   (no helmet)
rElec    .         Harm     .   (no cloak)
rCorr    .         Rampage  .   (no gloves)
Will     .....                  (no boots)
Stlth    ..........             k - amulet of faith
HPRegen  0.14/turn              (no ring)
MPRegen  0.11/turn              (no ring)

@: no status effects
A: small, mutation resistance 1
a: Depart the Abyss, Bend Space, Renounce Religion


You were on level 3 of the Dungeon.
You worshipped Lugonu.
Lugonu was pleased with you.
You visited 1 branch of the dungeon, and saw 3 of its levels.
You visited the Abyss 1 time.

You collected 71 gold pieces.

Inventory:

Hand Weapons
 a - a +1 falchion (weapon)
 b - a +2 dagger of venom
Missiles
 e - 53 stones
 n - 38 sling bullets
 t - 12 poisoned darts (quivered)
Armour
 s - a +0 ring mail of poison resistance
 v - a +0 plate armour (worn)
Jewellery
 h - an uncursed amulet of guardian spirit
 k - an amulet of faith (around neck)
 r - an uncursed ring of ice
Wands
 u - a wand of iceblast (7)
Scrolls
 f - a scroll of immolation {unknown}
 g - a scroll of remove curse
 m - 2 scrolls of enchant weapon
 p - a scroll of enchant armour {unknown}
Potions
 c - 2 potions of curing
 d - a potion of resistance {unknown}
 i - 3 potions of heal wounds {unknown}
 j - a potion of mutation {unknown}
 l - a potion of brilliance {unknown}
 o - a potion of flight {unknown}
 q - a potion of haste {unknown}


   Skills:
 - Level 3.0 Fighting
 * Level 0.4(2.4) Short Blades
 - Level 3.2(3.3) Long Blades
 + Level 3.6 Armour
 + Level 3.0 Dodging
 + Level 3.5 Invocations


You had 5 spell levels left.
You didn't know any spells.
Your spell library was empty.

Dungeon Overview and Level Annotations

Branches:
Dungeon (3/15)

Altars:
Dithmenos
Hepliaklqana
Trog
Uskayaw
Yredelemnul

Annotations:
D:3 2 transporters, lordvenom1's ghost, amateur TeFE


Innate Abilities, Weirdness & Mutations

You are small and have problems with some larger weapons.
You are somewhat resistant to further mutation.


Message History

You hit the orc priest.
The orc priest is almost dead.
The orc priest calls down the wrath of Beogh upon you.
You barely resist. The orc barely misses you. The orc priest barely misses you.
You riposte.
You hit the orc priest but do no damage.
The orc priest is almost dead.
You closely miss the orc priest.
The orc priest is almost dead.
The orc hits you but does no damage.
The orc priest calls down the wrath of Beogh upon you.
Beogh smites you!
* * * LOW HITPOINT WARNING * * *
The orc priest hits you but does no damage.
Space bends around you!
You blink.
You closely miss the orc. The orc hits you with a +0 club.
* * * LOW HITPOINT WARNING * * *
The orc priest invokes the aid of Beogh against you.
Beogh smites you!
You die...

....©.©.......#....#
#####...#.##.#####..#
..............>#
..... #.####†####...#
..#### # #.# ###...##
#.##### ...# #.o.o.#
#.## #o###.# .# #@#
#.# #.# #.# #.# #.#
#.# #o# #.# #.# #.#
#o# #.# ... #.##..##
....


You could see an orc priest and an orc.

Vanquished Creatures
  An ogre (D:2)
  A hound (D:2)
  Ijyb (D:3)
  3 adders
  2 dart slugs (D:2)
  4 giant cockroaches
  4 goblins
  4 hobgoblins
  4 jackals (D:1)
  A quokka (D:3)
  5 bats
  2 frilled lizards
  7 kobolds
  6 rats (D:1)
45 creatures vanquished.

Vanquished Creatures (others)
  47 plants
47 creatures vanquished.

Grand Total: 92 creatures vanquished

Notes
Turn   | Place    | Note
-------+----------+-------------------------------------------
     0 | Abyss:1  | tzalcoatl the Halfling Abyssal Knight began the quest for
                  | the Orb.
     0 | Abyss:1  | Reached XP level 1. HP: 15/15 MP: 2/2
    91 | D:1      | Escaped the Abyss
   287 | D:1      | Reached XP level 2. HP: 18/20 MP: 3/3
   626 | D:1      | Reached ** piety under Lugonu
   674 | D:1      | Reached XP level 3. HP: 24/25 MP: 4/4
   904 | D:2      | Found a shadowy altar of Dithmenos.
   963 | D:2      | Reached XP level 4. HP: 31/31 MP: 4/6
  1190 | D:2      | Found a bloodstained altar of Trog.
  1237 | D:2      | Found a hazy altar of Hepliaklqana.
  1238 | D:2      | Found a basalt altar of Yredelemnul.
  1241 | D:2      | Found a hide-covered altar of Uskayaw.
  1596 | D:3      | Noticed Ijyb
  1622 | D:3      | Killed Ijyb
  1623 | D:3      | Reached XP level 5. HP: 31/36 MP: 7/7
  1691 | D:3      | Noticed an ogre
  1726 | D:2      | Killed an ogre
  1727 | D:2      | Reached XP level 6. HP: 15/42 MP: 5/8
  1957 | D:3      | Found a transporter.
  1958 | D:3      | Found a transporter.
  1958 | D:3      | Noticed lordvenom1's ghost (amateur TeFE)
  1959 | D:3      | Noticed an ogre
  1960 | D:3      | Noticed an ogre
  1961 | D:3      | Noticed an ogre
  2062 | D:3      | Killed from afar by an orc priest

Illustrated notes

Levels and vault maps discovered:
D:1:      roderic_chinese_lattice_arrival, layout_rooms, serial_forest,
          infiniplex_forest_diagonal, infiniplex_forest_zigzag_1,
          infiniplex_forest_end_2, infiniplex_forest_straight_1,
          infiniplex_forest_lined_3_way, chequers_jeans
D:2:      layout_basic, nicolae_overflow_hidden_temple,
          grunt_temple_overflow_open, serial_bayou, serial_bayou_lagoon_a,
          serial_bayou_pond_e, serial_bayou_lake_a, serial_bayou_crossing,
          trog_book
D:3:      layout_loops_ring, nicolae_overflow_crystal_walls, ashenzari_altar_1,
          gammafunk_ghost_smash, roderic_lattice_a, uniq_ijyb

Skill      XL: |  1  2  3  4  5  6 |
---------------+-------------------+-----
Fighting       | 3 |  3.0
Dodging        | 2 3 |  3.0
Armour         | 3 |  3.6
Invocations    | 3 |  3.5
Long Blades    | 3 |  3.2
Short Blades   | |  0.4

Action                   |  1- 3 |  4- 6 || total
-------------------------+-------+-------++-------
Melee: Falchion          |    69 |    95 ||   164
       Dagger            |       |    12 ||    12
Throw: Dart              |       |     8 ||     8
Invok: Bend Space        |       |     4 ||     4
  Use: Scroll            |     3 |     1 ||     4
Armor: Leather armour    |     6 |       ||     6
       Ring mail         |     9 |    32 ||    41
       Plate armour      |       |    14 ||    14
Dodge: Dodged            |    50 |    74 ||   124
       Rpst.: Falchion   |    19 |    22 ||    41

Table legend: (Time is in decaauts)
 A = Elapsed time spent in this place.
 B = Non-inter-level travel time spent in this place.
 C = Inter-level travel time spent in this place.
 D = Time resting spent in this place.
 E = Time spent auto-exploring this place.
 F = Levels seen in this place.
 G = Mean time per level.
                   A        B        C        D        E       F      G
               +--------+--------+--------+--------+--------+-----+--------+
         Total |   2138 |   2103 |     35 |    243 |   1003 |   4 |  534.5 |
       Dungeon |   2047 |   2012 |     35 |    243 |    953 |   3 |  682.3 |
         Abyss |     91 |     91 |      0 |      0 |     50 |   1 |   91.0 |
               +--------+--------+--------+--------+--------+-----+--------+

Top non-repeatable levels by time:
     D:2: 1026 daAuts
     D:1: 783 daAuts
     D:3: 238 daAuts
 Abyss:1: 91 daAuts
